 Dungeon Crawl Stone Soup version 0.31.0-1-g2c135a008e (webtiles) character file.

Game seed: 7247865903922339740

24 qw the Shooter (level 3, -13/28 HPs)
             Began as a Djinni Hunter on Jan 24, 2024.
             Mangled by Terence
             ... wielding a +0 morningstar
              (14 damage)
             ... on level 2 of the Dungeon.
             The game lasted 00:00:02 (893 turns).

qw the Shooter (Djinni Hunter)                       Turns: 893, Time: 00:00:03

Health: -13/28     AC:  3    Str: 10    XL:     3   Next: 15%
Gold:   23         EV: 12    Int: 10    God:
                   SH:  0    Dex: 18

rFire   + + .        a - +0 shortbow
rCold   x . .        (shield currently unavailable)
rNeg    . . .        c - +0 leather armour
rPois   inf          (no helmet)
rElec   .            (no cloak)
rCorr   .            (no gloves)
SInv    .            (boots unavailable)
Will    .....        (no amulet)
Stlth   ++           (no ring)
HPRegen 0.24/turn    (no ring)
MPRegen 0.00/turn

%: infuse magic (-14 HP)
@: about to teleport, flying
A: sickness immunity, fire resistance 2, cold vulnerability 1, float, innate
caster, HP casting, extra vitality 1
a: no special abilities


You were on level 2 of the Dungeon.
You visited 1 branch of the dungeon, and saw 2 of its levels.

You collected 23 gold pieces.


Innate Abilities, Weirdness & Mutations

You are immune to sickness and miasma.
You are immune to poison.
Your flesh is very heat resistant. (rF++)
You are vulnerable to cold. (rC-)
You float through the air rather than walking.
You learn spells naturally, not from books.
Your magical power is your life essence.
You have superior vitality. (+4 MHP)


   Skills:
 + Level 2.1 Fighting
 - Level 4.0 Ranged Weapons
 - Level 2.1 Dodging
 - Level 0.7 Stealth


You knew the following spells:

 Your Spells              Type           Power      Damage    Failure   Level
a - Necrotise             Necr           0%         1d4       45%         1
Your spell library was empty.

Inventory:

Hand Weapons
 a - a +0 shortbow (weapon)
Armour
 c - a +0 leather armour (worn)
Potions
 i - a potion of might
 j - a potion of curing

Dungeon Overview and Level Annotations

Branches:
Dungeon (2/15)

Altars:

Annotations:
D:2 Terence


Message History

Done exploring.
833 ||| DROPPING scroll of fear.
You drop a scroll of fear.
Done exploring.
834 ||| DROPPING scroll of noise.
You drop a scroll of noise.
Done exploring.
835 ||| DROPPING scroll of vulnerability.
You drop a scroll of vulnerability.
Done exploring.
What level of the Dungeon? (default 1, ? - help)
There is a stone staircase leading down here.
You fly downwards.
There is a stone staircase leading up here.
Waypoint 1 assigned to D:2.
A bat comes into view.
You shoot an arrow. The arrow barely misses the bat.
The bat misses you.
You shoot an arrow. The arrow hits the bat!
You kill the bat!
You reach down and open the door.
Found a stone staircase leading up.
Terence the Incautious comes into view.
He is wielding a +0 morningstar.
Terence shouts!
You shoot an arrow. The arrow barely misses Terence.
You shoot an arrow. The arrow completely misses Terence.
You shoot an arrow. The arrow barely misses Terence.
Terence misses you.
You shoot an arrow. The arrow barely misses Terence.
Terence hits you with a +0 morningstar!
You shoot an arrow. The arrow hits Terence.
Terence is lightly wounded.
Terence hits you with a +0 morningstar!
You shoot an arrow. The arrow barely misses Terence.
Terence barely misses you. Terence hits you with a +0 morningstar!
893 ||| READING scroll of teleportation.
As you read the scroll of teleportation, it crumbles to dust.
You feel strangely unstable. Terence hits you with a +0 morningstar!
Ouch! That really hurt!
You die...
Terence says, "Rest in peace."

# .. .## ...# ####....#
#.@...... #@# #.#####
####.....# .. #........#
#.## #.##.....+.......
... ##.##.....#...##..
...
#.........#.#.##......
.....##.#.#.#...##.#....
#### ...#.......##.#....


You could see Terence.

Vanquished Creatures
  3 endoplasms (D:1)
  A giant cockroach (D:1)
  A goblin (D:1)
  A hobgoblin (D:1)
  3 jackals (D:1)
  A kobold (D:1)
  2 quokkas (D:1)
  2 ball pythons (D:1)
  3 bats
  2 frilled lizards (D:1)
  3 rats (D:1)
22 creatures vanquished.

Notes
Turn   | Place    | Note
-------+----------+-------------------------------------------
     0 | D:1      | qw the Djinni Hunter began the quest for the Orb.
     0 | D:1      | Reached XP level 1. HP: 18/18 MP: 0/0
     0 | D:1      | 0 ||| qw: Version: 0.3-a-136-gdd3b4e8
     0 | D:1      | 0 ||| qw: Game counter: 1421
     0 | D:1      | 0 ||| qw: Melee chars always use a shield: true
     0 | D:1      | 0 ||| qw: God list: Okawaru
     0 | D:1      | 0 ||| qw: Allow faded altars: false
     0 | D:1      | 0 ||| qw: Do Orc after clearing Dungeon:15 true
     0 | D:1      | 0 ||| qw: Do second Lair branch before Depths: true
     0 | D:1      | 0 ||| qw: Lair rune preference: random
     0 | D:1      | 0 ||| qw: Goals: Normal
     0 | D:1      | 0 ||| PLANNING D:1-11
   254 | D:1      | Reached XP level 2. HP: 22/23 MP: 0/0
   562 | D:1      | Reached skill level 4 in Ranged Weapons
   562 | D:1      | Reached XP level 3. HP: 28/28 MP: 0/0
   562 | D:1      | Learned a level 1 spell: Necrotise
   824 | D:1      | 824 ||| READING 2 scrolls labelled IHUZIS VOKUMY.
   825 | D:1      | 825 ||| READING scroll labelled XEMOAW TUUG.
   826 | D:1      | 826 ||| READING 2 scrolls labelled HUOSCH UKHLEAW.
   827 | D:1      | 827 ||| READING scroll labelled ZAOTSI ZIMEO.
   828 | D:1      | 828 ||| READING 4 scrolls labelled TUR HAITOIMIC.
   828 | D:1      | 828 ||| IDENTIFYING pink potion
   829 | D:1      | 829 ||| READING 3 scrolls of identify.
   829 | D:1      | 829 ||| IDENTIFYING inky potion
   830 | D:1      | 830 ||| READING 2 scrolls of identify.
   830 | D:1      | 830 ||| IDENTIFYING scroll labelled JOILEH POSKAS
   831 | D:1      | 831 ||| READING scroll of identify.
   831 | D:1      | 831 ||| IDENTIFYING scroll labelled CIOM LAAXAWNIG
   832 | D:1      | 832 ||| DROPPING scroll of butterflies.
   833 | D:1      | 833 ||| DROPPING scroll of fear.
   834 | D:1      | 834 ||| DROPPING scroll of noise.
   835 | D:1      | 835 ||| DROPPING scroll of vulnerability.
   886 | D:2      | Noticed Terence
   892 | D:2      | HP: 1/28 [Terence/+0 morningstar (11)]
   893 | D:2      | 893 ||| READING scroll of teleportation.
   893 | D:2      | Mangled by Terence

Levels and vault maps discovered:
D:1:      evilmike_arrival_home_sweet_home, layout_basic,
          minmay_misc_feat_enclosed
D:2:      layout_basic, uniq_terence

Skill      XL: |  1  2 |
---------------+-------+-----
Ranged Weapons | 4 |  4.0
Fighting       | |  2.1
Dodging        | |  2.1
Stealth        | |  0.7

Action                     || total
---------------------------++-------
   Fire: Shortbow          ||    57
    Use: Scroll            ||     9
 Armour: Leather armour    ||    12
  Dodge: Dodged            ||    16

Table legend:
 A = Non-vault XP
 B = Vault XP
 C = Vault XP percentage of total XP
 D = Non-vault monster count
 E = Vault monster count
 F = Vault count percentage of total count
                 A         B        C        D         E       F
            +---------+---------+-------+---------+---------+-------
      Total |      35 |       0 |   0.0 |      22 |       0 |   0.0
            +---------+---------+-------+---------+---------+-------
        D:1 |      33 |       0 |   0.0 |      21 |       0 |   0.0
        D:2 |       2 |       0 |   0.0 |       1 |       0 |   0.0
            +---------+---------+-------+---------+---------+-------
